[ AOE2 MATCH · #459490675 ]
UnrankedAztecs vs Shu
[ REPLAY ANALYSIS · EXTRACTED FROM THE RECORDED GAME ]
Feudal
11:30
Castle
—
Imperial
—
| APM avg | 22.4 |
| APM peak | 42 |
| eAPM avg | 10.5 |
| Villagers / military | 38 / 0 |
Focus
⚔️ 13.8% · 🌾 86.2%
Feudal
17:05
Castle
—
Imperial
—
| APM avg | 39.4 |
| APM peak | 67 |
| eAPM avg | 14.0 |
| Villagers / military | 38 / 0 |
Focus
⚔️ 23.3% · 🌾 76.7%
Unknown (2550) ×7
Feudal
—
Castle
—
Imperial
—
| APM avg | 22.0 |
| APM peak | 36 |
| eAPM avg | 12.6 |
| Villagers / military | 38 / 28 |
Focus
⚔️ 38.2% · 🌾 61.8%
Archer ×28
Feudal
11:09
Castle
—
Imperial
—
| APM avg | 23.0 |
| APM peak | 48 |
| eAPM avg | 12.5 |
| Villagers / military | 39 / 14 |
Focus
⚔️ 26.8% · 🌾 73.2%
Archer ×14
Feudal
—
Castle
—
Imperial
—
| APM avg | 30.0 |
| APM peak | 64 |
| eAPM avg | 10.8 |
| Villagers / military | 39 / 0 |
Focus
⚔️ 31.1% · 🌾 68.9%
Unknown (2550) ×11
Feudal
—
Castle
—
Imperial
—
| APM avg | 22.0 |
| APM peak | 33 |
| eAPM avg | 10.0 |
| Villagers / military | 36 / 4 |
Focus
⚔️ 21.6% · 🌾 78.4%
Scout Cavalry ×4
Feudal
10:14
Castle
—
Imperial
—
| APM avg | 25.6 |
| APM peak | 47 |
| eAPM avg | 10.3 |
| Villagers / military | 38 / 0 |
Focus
⚔️ 4.3% · 🌾 95.7%
Fishing Ship ×8
Feudal
8:43
Castle
—
Imperial
—
| APM avg | 62.2 |
| APM peak | 106 |
| eAPM avg | 20.6 |
| Villagers / military | 41 / 17 |
Focus
⚔️ 21.9% · 🌾 78.1%
Scout Cavalry ×17
Match map
Initial resources + every placement click. Lines = walls · curves = elevation contours. ◆ gold · ⬟ stone · ● berries · ✦ relic · ◌ wall gap
Inputs per minute
— [MK] Giezzy La Grande - - siete_afortunados
Build order — [MK] Giezzy La Grande
84 actions detected in the replay
| 0:08 | Create | Villager (Male) ×4 |
| 0:10 | Build | House |
| 0:12 | Build | House |
| 1:28 | Create | Villager (Male) |
| 1:29 | Create | Villager (Male) |
| 2:15 | Research | Loom |
| 2:17 | Create | Villager (Male) |
| 2:17 | Create | Villager (Male) |
| 3:08 | Create | Villager (Male) |
| 3:09 | Create | Villager (Male) |
| 3:47 | Build | Lumber Camp |
| 3:51 | Create | Villager (Male) |
| 3:51 | Create | Villager (Male) |
| 3:52 | Create | Villager (Male) |
| 4:09 | Build | House |
| 4:16 | Create | Villager (Male) |
| 4:48 | Create | Villager (Male) |
| 5:22 | Create | Villager (Male) |
| 5:22 | Create | Villager (Male) |
| 5:41 | Build | House |
| 5:54 | Create | Villager (Male) |
| 6:07 | Create | Villager (Male) |
| 6:37 | Create | Villager (Male) |
| 7:18 | Create | Villager (Male) |
| 7:43 | Create | Villager (Male) |
| 8:15 | Build | Mill |
| 8:30 | Create | Villager (Male) |
| 8:37 | Build | Mining Camp |
| 9:11 | Research | Feudal Age |
| 9:24 | Build | Palisade Wall |
| 9:31 | Build | Palisade Wall |
| 9:51 | Build | Barracks |
| 9:53 | Build | House |
| 10:25 | Build | Palisade Wall |
| 10:35 | Build | House |
| 10:48 | Build | Lumber Camp |
| 11:13 | Build | Palisade Wall |
| 11:19 | Create | Villager (Male) |
| 11:20 | Create | Villager (Male) |
| 11:29 | Build | Palisade Wall |
| 11:30 | Age | Feudal Age |
| 12:05 | Build | Palisade Wall |
| 12:12 | Build | Stone Wall |
| 12:33 | Create | Villager (Male) |
| 12:33 | Create | Villager (Male) |
| 12:35 | Research | Double-Bit Axe |
| 12:43 | Build | Farm |
| 12:44 | Build | Farm |
| 12:45 | Build | Farm |
| 12:47 | Build | Farm |
| 12:49 | Build | Farm |
| 12:52 | Research | Horse Collar |
| 12:57 | Build | Farm |
| 13:02 | Create | Villager (Male) |
| 13:06 | Build | House |
| 13:28 | Create | Villager (Male) |
| 13:31 | Build | Farm |
| 13:42 | Build | Blacksmith |
| 13:46 | Build | House |
| 13:53 | Build | Farm |
| 14:05 | Create | Villager (Male) |
| 14:08 | Build | Farm |
| 14:21 | Build | Dock |
| 14:26 | Create | Villager (Male) |
| 14:29 | Build | Farm |
| 14:45 | Build | Farm |
| 14:52 | Build | House |
| 15:01 | Create | Villager (Male) |
| 15:12 | Build | Market |
| 15:16 | Create | Villager (Male) |
| 15:26 | Build | Farm |
| 15:30 | Create | Villager (Male) |
| 15:33 | Build | Farm |
| 15:43 | Create | Villager (Male) |
| 15:58 | Build | Farm |
| 16:04 | Build | Farm |
| 16:06 | Build | Farm |
| 16:10 | Build | Farm |
| 16:14 | Create | Villager (Male) |
| 16:19 | Build | Farm |
| 16:38 | Build | Archery Range |
| 16:44 | Create | Villager (Male) |
| 16:48 | Build | Farm |
| 17:22 | Create | Villager (Male) |
Build order — siete_afortunados
90 actions detected in the replay
| 0:02 | Create | Villager (Male) |
| 0:03 | Create | Villager (Male) |
| 0:03 | Create | Villager (Male) |
| 0:03 | Create | Villager (Male) |
| 0:04 | Create | Villager (Male) |
| 0:05 | Build | House |
| 0:08 | Build | House |
| 0:22 | Build | Barracks |
| 1:06 | Build | House |
| 1:50 | Create | Unit 2550 |
| 2:14 | Create | Villager (Male) |
| 2:35 | Create | Unit 2550 |
| 3:06 | Create | Unit 2550 |
| 3:18 | Create | Villager (Male) |
| 3:18 | Create | Villager (Male) |
| 3:43 | Create | Villager (Male) |
| 3:43 | Create | Villager (Male) |
| 4:34 | Create | Villager (Male) |
| 4:35 | Create | Villager (Male) |
| 4:40 | Build | House |
| 5:10 | Create | Villager (Male) |
| 5:10 | Create | Villager (Male) |
| 5:10 | Create | Villager (Male) |
| 5:25 | Create | Villager (Male) |
| 5:26 | Create | Villager (Male) |
| 6:13 | Create | Villager (Male) |
| 6:14 | Create | Villager (Male) |
| 6:39 | Build | Settlement |
| 6:50 | Create | Villager (Male) |
| 6:51 | Create | Villager (Male) |
| 6:51 | Create | Villager (Male) |
| 6:51 | Create | Villager (Male) |
| 7:33 | Create | Villager (Male) |
| 7:33 | Create | Villager (Male) |
| 7:36 | Create | Unit 2550 |
| 7:36 | Create | Unit 2550 |
| 8:06 | Build | Settlement |
| 8:44 | Create | Unit 2550 |
| 8:57 | Create | Villager (Male) |
| 8:57 | Create | Villager (Male) |
| 8:57 | Create | Villager (Male) |
| 9:01 | Research | Loom |
| 9:22 | Build | House |
| 9:27 | Create | Villager (Male) |
| 9:27 | Create | Villager (Male) |
| 9:34 | Build | House |
| 10:00 | Build | House |
| 10:02 | Build | House |
| 10:04 | Build | House |
| 10:07 | Build | Palisade Wall |
| 10:09 | Build | Palisade Wall |
| 10:10 | Build | Palisade Wall |
| 10:37 | Create | Unit 2550 |
| 10:57 | Create | Villager (Male) |
| 10:57 | Create | Villager (Male) |
| 11:04 | Build | Palisade Wall |
| 11:05 | Build | Palisade Wall |
| 11:16 | Build | House |
| 11:28 | Build | Palisade Wall |
| 11:29 | Build | Palisade Wall |
| 11:35 | Build | Farm |
| 11:44 | Create | Villager (Male) |
| 11:44 | Create | Villager (Male) |
| 12:08 | Build | Palisade Wall |
| 12:16 | Build | Farm |
| 12:21 | Create | Villager (Male) |
| 12:22 | Create | Villager (Male) |
| 12:47 | Build | Farm |
| 12:50 | Build | Farm |
| 12:51 | Build | Farm |
| 12:55 | Build | Farm |
| 12:56 | Build | Farm |
| 13:22 | Build | House |
| 13:42 | Create | Villager (Male) |
| 13:42 | Create | Villager (Male) |
| 13:49 | Build | House |
| 13:50 | Build | House |
| 13:58 | Build | Palisade Wall |
| 14:10 | Build | Farm |
| 14:55 | Research | Feudal Age |
| 14:55 | Research | Feudal Age |
| 15:18 | Build | House |
| 15:20 | Build | House |
| 16:24 | Build | House |
| 16:31 | Build | House |
| 16:53 | Build | Farm |
| 17:05 | Age | Feudal Age |
| 17:17 | Build | Watch Tower |
| 17:29 | Build | House |
| 17:34 | Build | House |
Build order — ShangDynasty11
107 actions detected in the replay
| 0:01 | Create | Villager (Male) |
| 0:02 | Create | Villager (Male) |
| 0:02 | Create | Villager (Male) |
| 0:02 | Create | Villager (Male) |
| 0:06 | Build | House |
| 0:10 | Build | House |
| 1:42 | Create | Villager (Male) |
| 1:42 | Create | Villager (Male) |
| 2:14 | Create | Villager (Male) |
| 2:30 | Create | Villager (Male) |
| 2:36 | Build | Lumber Camp |
| 2:47 | Build | House |
| 2:48 | Build | House |
| 3:04 | Create | Villager (Male) |
| 3:27 | Create | Villager (Male) |
| 3:55 | Create | Villager (Male) |
| 4:20 | Create | Villager (Male) |
| 4:20 | Create | Villager (Male) |
| 5:17 | Create | Villager (Male) |
| 5:17 | Create | Villager (Male) |
| 5:18 | Create | Villager (Male) |
| 5:40 | Build | Mill |
| 6:07 | Create | Villager (Male) |
| 6:43 | Create | Villager (Male) |
| 6:55 | Build | Mill |
| 7:18 | Create | Villager (Male) |
| 7:18 | Create | Villager (Male) |
| 7:19 | Create | Villager (Male) |
| 7:19 | Create | Villager (Male) |
| 8:30 | Research | Loom |
| 8:46 | Build | Mining Camp |
| 8:58 | Research | Feudal Age |
| 9:55 | Build | Barracks |
| 10:51 | Create | Villager (Male) |
| 10:51 | Create | Villager (Male) |
| 11:11 | Build | House |
| 11:14 | Build | House |
| 11:20 | Build | Archery Range |
| 11:27 | Build | Blacksmith |
| 11:52 | Create | Villager (Male) |
| 12:06 | Create | Villager (Male) |
| 12:10 | Research | Double-Bit Axe |
| 12:13 | Build | House |
| 12:30 | Build | Archery Range |
| 12:35 | Create | Villager (Male) |
| 12:37 | Research | Fletching |
| 12:48 | Create | Villager (Male) |
| 12:51 | Build | House |
| 12:58 | Create | Archer |
| 13:03 | Build | Palisade Gate |
| 13:39 | Create | Archer |
| 13:39 | Create | Archer |
| 13:49 | Create | Villager (Male) |
| 13:50 | Create | Villager (Male) |
| 13:52 | Create | Archer |
| 13:52 | Create | Archer |
| 14:06 | Build | House |
| 14:07 | Build | House |
| 14:08 | Create | Villager (Male) |
| 14:16 | Create | Archer |
| 14:16 | Create | Archer |
| 14:18 | Research | Padded Archer Armor |
| 14:50 | Create | Archer |
| 14:50 | Create | Archer |
| 14:51 | Create | Villager (Male) |
| 14:59 | Research | Horse Collar |
| 15:05 | Create | Archer |
| 15:05 | Create | Archer |
| 15:18 | Create | Villager (Male) |
| 15:37 | Create | Archer |
| 15:37 | Create | Archer |
| 15:59 | Create | Archer |
| 15:59 | Create | Archer |
| 16:20 | Create | Villager (Male) |
| 16:24 | Create | Archer |
| 16:24 | Create | Archer |
| 16:31 | Build | Farm |
| 16:32 | Build | Farm |
| 16:32 | Build | Farm |
| 16:33 | Build | Farm |
| 16:33 | Build | Farm |
| 16:33 | Build | Farm |
| 16:37 | Build | Farm |
| 16:37 | Build | Farm |
| 16:38 | Build | Farm |
| 16:38 | Build | Farm |
| 16:41 | Build | Farm |
| 16:42 | Build | Farm |
| 16:42 | Build | Farm |
| 16:50 | Create | Archer |
| 16:50 | Create | Archer |
| 17:10 | Create | Archer ×3 |
| 17:12 | Create | Villager (Male) |
| 17:13 | Create | Villager (Male) |
| 17:13 | Create | Villager (Male) |
| 18:12 | Create | Villager (Male) |
| 18:16 | Create | Archer |
| 18:16 | Create | Archer |
| 18:16 | Create | Archer |
| 18:16 | Create | Archer |
| 18:19 | Build | Farm |
| 18:19 | Build | Farm |
| 18:31 | Build | Archery Range |
| 18:36 | Build | House |
| 18:39 | Build | House |
| 18:50 | Create | Archer |
| 18:50 | Create | Archer |
Build order — Duke
91 actions detected in the replay
| 0:04 | Build | House |
| 0:05 | Build | House |
| 0:05 | Research | Loom |
| 0:06 | Research | Loom |
| 0:45 | Create | Villager (Male) |
| 0:45 | Create | Villager (Male) |
| 0:45 | Create | Villager (Male) |
| 1:20 | Create | Villager (Male) |
| 1:38 | Create | Villager (Male) |
| 2:15 | Create | Villager (Male) |
| 2:54 | Build | Lumber Camp |
| 3:14 | Build | House |
| 3:17 | Build | House |
| 3:30 | Create | Villager (Male) |
| 3:31 | Create | Villager (Male) |
| 3:57 | Create | Villager (Male) |
| 4:34 | Create | Villager (Male) |
| 5:17 | Create | Villager (Male) |
| 5:17 | Create | Villager (Male) |
| 5:24 | Build | Mill |
| 5:41 | Create | Villager (Male) |
| 5:43 | Create | Villager (Male) |
| 6:02 | Build | House |
| 6:04 | Build | House |
| 6:18 | Create | Villager (Male) |
| 6:26 | Create | Villager (Male) |
| 7:19 | Create | Villager (Male) |
| 7:47 | Create | Villager (Male) |
| 8:16 | Create | Villager (Male) |
| 8:34 | Create | Villager (Male) |
| 8:59 | Research | Feudal Age |
| 9:23 | Build | Barracks |
| 9:37 | Build | Mining Camp |
| 10:47 | Build | House |
| 10:49 | Create | Villager (Male) |
| 11:09 | Age | Feudal Age |
| 11:17 | Build | Archery Range |
| 11:30 | Build | Blacksmith |
| 11:35 | Create | Villager (Male) |
| 11:36 | Create | Villager (Male) |
| 11:40 | Research | Double-Bit Axe |
| 11:48 | Research | Horse Collar |
| 11:57 | Create | Villager (Male) |
| 12:16 | Create | Archer |
| 12:19 | Create | Archer |
| 12:26 | Research | Fletching |
| 12:49 | Build | Archery Range |
| 12:56 | Create | Archer |
| 12:58 | Create | Villager (Male) |
| 12:58 | Create | Villager (Male) |
| 13:12 | Build | Farm |
| 13:23 | Build | Farm |
| 13:24 | Create | Villager (Male) |
| 13:25 | Create | Villager (Male) |
| 13:48 | Create | Archer |
| 13:48 | Create | Archer |
| 13:53 | Build | House |
| 13:54 | Build | House |
| 14:00 | Create | Villager (Male) |
| 14:01 | Create | Villager (Male) |
| 14:11 | Build | Farm |
| 14:20 | Build | Farm |
| 14:22 | Create | Villager (Male) |
| 14:56 | Build | Farm |
| 14:59 | Build | Farm |
| 15:07 | Create | Archer |
| 15:22 | Build | Building 804 |
| 15:28 | Create | Archer |
| 15:29 | Create | Archer |
| 15:44 | Create | Archer |
| 15:44 | Create | Archer |
| 16:16 | Build | House |
| 16:22 | Create | Villager (Male) |
| 16:23 | Create | Villager (Male) |
| 16:25 | Create | Villager (Male) |
| 16:25 | Create | Villager (Male) |
| 16:57 | Create | Villager (Male) |
| 16:57 | Create | Villager (Male) |
| 16:59 | Build | Farm |
| 17:00 | Build | Farm |
| 17:01 | Build | Farm |
| 17:03 | Build | Farm |
| 17:04 | Build | Farm |
| 17:05 | Build | Farm |
| 17:18 | Build | House |
| 17:31 | Create | Archer |
| 17:31 | Create | Archer |
| 17:34 | Create | Villager (Male) |
| 17:34 | Create | Villager (Male) |
| 18:21 | Create | Archer |
| 18:21 | Create | Archer |
Build order — slytiger4815
88 actions detected in the replay
| 0:01 | Create | Villager (Male) |
| 0:01 | Create | Villager (Male) |
| 0:02 | Create | Villager (Male) |
| 0:02 | Create | Villager (Male) |
| 0:04 | Build | House |
| 0:08 | Build | Barracks |
| 0:10 | Build | House |
| 1:34 | Create | Villager (Male) |
| 1:40 | Create | Unit 2550 |
| 2:00 | Create | Villager (Male) |
| 2:35 | Create | Villager (Male) |
| 2:52 | Create | Villager (Male) |
| 3:24 | Create | Unit 2550 |
| 3:25 | Create | Villager (Male) |
| 3:39 | Create | Villager (Male) |
| 4:01 | Research | Loom |
| 4:20 | Build | House |
| 4:31 | Create | Villager (Male) |
| 4:35 | Create | Unit 2550 |
| 4:55 | Create | Villager (Male) |
| 5:13 | Create | Villager (Male) |
| 5:31 | Create | Villager (Male) |
| 5:31 | Create | Villager (Male) |
| 6:16 | Create | Villager (Male) |
| 6:29 | Build | House |
| 6:34 | Build | Settlement |
| 6:41 | Build | House |
| 7:01 | Create | Villager (Male) |
| 7:25 | Create | Villager (Male) |
| 7:43 | Create | Villager (Male) |
| 7:52 | Build | Settlement |
| 8:03 | Create | Villager (Male) |
| 8:19 | Create | Villager (Male) |
| 8:27 | Create | Villager (Male) |
| 8:56 | Create | Villager (Male) |
| 9:29 | Create | Villager (Male) |
| 9:40 | Build | Settlement |
| 9:45 | Build | Farm |
| 10:08 | Create | Villager (Male) |
| 10:12 | Research | Feudal Age |
| 10:26 | Build | Farm |
| 10:34 | Create | Villager (Male) |
| 10:56 | Build | Farm |
| 11:13 | Create | Unit 2550 |
| 11:13 | Create | Unit 2550 |
| 11:29 | Build | Farm |
| 11:40 | Create | Unit 2550 |
| 12:05 | Build | Farm |
| 12:13 | Build | Farm |
| 12:13 | Build | Farm |
| 12:17 | Build | Farm |
| 12:31 | Research | Tech 1402 |
| 12:36 | Research | Double-Bit Axe |
| 12:44 | Create | Villager (Male) |
| 13:02 | Create | Villager (Male) |
| 13:14 | Create | Unit 2550 |
| 13:44 | Create | Villager (Male) |
| 13:54 | Create | Unit 2550 |
| 14:02 | Build | Barracks |
| 14:03 | Build | House |
| 14:22 | Build | Blacksmith |
| 14:25 | Create | Villager (Male) |
| 14:30 | Create | Villager (Male) |
| 14:33 | Create | Unit 2550 |
| 14:33 | Create | Unit 2550 |
| 14:33 | Create | Unit 2550 |
| 15:10 | Research | Forging |
| 15:10 | Research | Scale Mail Armor |
| 15:14 | Build | Farm |
| 15:42 | Create | Villager (Male) |
| 15:54 | Create | Villager (Male) |
| 15:56 | Research | Arson |
| 16:33 | Create | Villager (Male) |
| 16:39 | Build | Farm |
| 16:39 | Build | Farm |
| 16:39 | Build | Farm |
| 16:39 | Build | Farm |
| 16:40 | Build | Farm |
| 16:40 | Build | Farm |
| 16:40 | Build | Farm |
| 16:40 | Build | Farm |
| 16:40 | Build | Farm |
| 16:50 | Build | House |
| 17:01 | Create | Villager (Male) |
| 17:02 | Create | Villager (Male) |
| 17:36 | Create | Villager (Male) |
| 18:48 | Create | Villager (Male) |
| 18:49 | Create | Villager (Male) |
Build order — GOAT Gobz
87 actions detected in the replay
| 0:01 | Create | Villager (Male) |
| 0:01 | Create | Villager (Male) |
| 0:04 | Build | House |
| 0:06 | Build | House |
| 0:41 | Create | Villager (Male) |
| 0:42 | Create | Villager (Male) |
| 0:42 | Create | Villager (Male) |
| 1:35 | Create | Villager (Male) |
| 1:55 | Build | House |
| 2:08 | Create | Villager (Male) |
| 2:23 | Build | House |
| 2:25 | Build | House |
| 2:32 | Create | Villager (Male) |
| 2:51 | Create | Villager (Male) |
| 3:08 | Create | Villager (Male) |
| 3:21 | Create | Villager (Male) |
| 4:11 | Create | Villager (Male) |
| 4:30 | Research | Loom |
| 4:59 | Create | Villager (Male) |
| 5:25 | Create | Villager (Male) |
| 5:50 | Create | Villager (Male) |
| 6:02 | Build | Mill |
| 6:20 | Create | Villager (Male) |
| 6:44 | Create | Villager (Male) |
| 7:14 | Research | Feudal Age |
| 8:25 | Build | Building 796 |
| 8:41 | Build | House |
| 8:51 | Build | Palisade Wall |
| 8:52 | Build | Palisade Wall |
| 8:53 | Build | Palisade Wall |
| 9:21 | Create | Villager (Male) |
| 9:21 | Create | Villager (Male) |
| 9:29 | Research | Double-Bit Axe |
| 9:49 | Build | Palisade Wall |
| 9:55 | Build | House |
| 9:58 | Build | Farm |
| 9:58 | Build | Farm |
| 10:02 | Create | Villager (Male) |
| 10:19 | Build | Farm |
| 11:03 | Build | Barracks |
| 11:07 | Create | Villager (Male) |
| 11:34 | Create | Villager (Male) |
| 12:08 | Build | Stable |
| 12:11 | Create | Villager (Male) |
| 12:31 | Create | Villager (Male) |
| 13:00 | Build | Blacksmith |
| 13:07 | Create | Villager (Male) |
| 13:24 | Build | Farm |
| 13:26 | Build | Farm |
| 13:27 | Build | Farm |
| 13:29 | Create | Villager (Male) |
| 13:53 | Create | Villager (Male) |
| 13:55 | Research | Horse Collar |
| 14:11 | Build | House |
| 14:12 | Build | House |
| 14:13 | Build | House |
| 14:24 | Create | Villager (Male) |
| 14:24 | Create | Villager (Male) |
| 14:41 | Create | Scout Cavalry |
| 14:49 | Create | Villager (Male) |
| 14:57 | Build | House |
| 14:58 | Build | House |
| 14:59 | Build | House |
| 15:00 | Build | House |
| 15:10 | Create | Villager (Male) |
| 15:26 | Create | Villager (Male) |
| 15:35 | Create | Scout Cavalry |
| 15:39 | Build | Farm |
| 15:39 | Build | Farm |
| 15:39 | Build | Farm |
| 15:39 | Build | Farm |
| 15:39 | Build | Farm |
| 15:40 | Build | Farm |
| 15:40 | Build | Farm |
| 15:49 | Build | Mule Cart |
| 15:51 | Create | Villager (Male) |
| 15:54 | Build | Farm |
| 15:54 | Build | Farm |
| 16:00 | Create | Scout Cavalry |
| 16:29 | Create | Villager (Male) |
| 16:54 | Create | Villager (Male) |
| 17:18 | Create | Villager (Male) |
| 17:21 | Research | Wheelbarrow |
| 18:04 | Build | Watch Tower |
| 18:10 | Research | Fletching |
| 18:27 | Create | Scout Cavalry |
| 19:03 | Build | Watch Tower |
Build order — kurinkito
76 actions detected in the replay
| 0:01 | Create | Villager (Male) |
| 0:01 | Create | Villager (Male) |
| 0:02 | Create | Villager (Male) |
| 0:05 | Build | House |
| 0:09 | Build | House |
| 0:29 | Create | Villager (Male) |
| 0:29 | Create | Villager (Male) |
| 1:28 | Create | Villager (Male) |
| 1:28 | Create | Villager (Male) |
| 2:08 | Create | Villager (Male) |
| 2:13 | Create | Villager (Male) |
| 2:26 | Build | Lumber Camp |
| 2:49 | Create | Villager (Male) |
| 2:49 | Create | Villager (Male) |
| 3:08 | Create | Villager (Male) |
| 3:39 | Build | House |
| 3:43 | Create | Villager (Male) |
| 3:44 | Create | Villager (Male) |
| 3:59 | Create | Villager (Male) |
| 4:00 | Create | Villager (Male) |
| 4:06 | Build | House |
| 4:22 | Create | Villager (Male) |
| 4:44 | Create | Villager (Male) |
| 5:17 | Create | Villager (Male) |
| 5:18 | Create | Villager (Male) |
| 6:13 | Build | Mill |
| 6:15 | Create | Villager (Male) |
| 6:42 | Create | Villager (Male) |
| 6:42 | Create | Villager (Male) |
| 7:02 | Research | Loom |
| 7:36 | Create | Villager (Male) |
| 8:04 | Research | Feudal Age |
| 8:34 | Build | Mining Camp |
| 9:03 | Create | Villager (Male) |
| 9:21 | Build | Dock |
| 9:26 | Create | Villager (Male) |
| 9:46 | Build | House |
| 9:49 | Build | House |
| 10:10 | Create | Fishing Ship |
| 10:11 | Create | Fishing Ship |
| 10:14 | Age | Feudal Age |
| 10:16 | Create | Villager (Male) |
| 10:17 | Create | Villager (Male) |
| 10:23 | Research | Double-Bit Axe |
| 10:54 | Create | Villager (Male) |
| 11:02 | Create | Fishing Ship |
| 11:12 | Build | Market |
| 11:14 | Create | Villager (Male) |
| 11:46 | Create | Villager (Male) |
| 11:55 | Create | Fishing Ship |
| 11:58 | Create | Villager (Male) |
| 12:25 | Create | Villager (Male) |
| 12:42 | Build | House |
| 12:42 | Build | House |
| 12:47 | Create | Villager (Male) |
| 12:54 | Research | Horse Collar |
| 12:59 | Create | Villager (Male) |
| 13:10 | Create | Villager (Male) |
| 13:20 | Create | Villager (Male) |
| 13:29 | Build | Farm |
| 13:30 | Build | Farm |
| 13:40 | Build | House |
| 13:44 | Create | Fishing Ship |
| 13:51 | Build | Blacksmith |
| 13:54 | Create | Villager (Male) |
| 14:18 | Build | Farm |
| 14:19 | Build | Farm |
| 14:40 | Build | Farm |
| 14:40 | Build | Farm |
| 14:46 | Create | Fishing Ship |
| 14:54 | Build | Dock |
| 15:27 | Build | Palisade Wall |
| 15:59 | Build | House |
| 16:03 | Create | Fishing Ship |
| 16:04 | Create | Fishing Ship |
| 16:06 | Research | Castle Age |
Build order — rukas
101 actions detected in the replay
| 0:00 | Create | Villager (Male) ×4 |
| 0:02 | Build | House |
| 0:04 | Build | House |
| 1:33 | Create | Villager (Male) |
| 1:34 | Create | Villager (Male) |
| 2:18 | Create | Villager (Male) |
| 2:18 | Create | Villager (Male) |
| 2:22 | Create | Villager (Male) |
| 2:22 | Create | Villager (Male) |
| 3:00 | Create | Villager (Male) |
| 3:00 | Create | Villager (Male) |
| 3:50 | Build | Lumber Camp |
| 3:51 | Create | Villager (Male) |
| 3:52 | Create | Villager (Male) |
| 4:05 | Build | House |
| 4:36 | Create | Villager (Male) |
| 4:36 | Create | Villager (Male) |
| 4:37 | Create | Villager (Male) |
| 4:49 | Create | Villager (Male) |
| 5:20 | Create | Villager (Male) |
| 5:43 | Build | Mill |
| 6:23 | Research | Loom |
| 6:33 | Research | Feudal Age |
| 6:35 | Research | Loom |
| 6:36 | Research | Loom |
| 7:22 | Build | House |
| 7:24 | Build | Palisade Wall |
| 7:54 | Build | Barracks |
| 8:24 | Create | Villager (Male) |
| 8:43 | Age | Feudal Age |
| 8:45 | Build | Stable |
| 8:50 | Research | Double-Bit Axe |
| 8:51 | Research | Double-Bit Axe |
| 9:27 | Create | Scout Cavalry |
| 9:27 | Create | Scout Cavalry |
| 9:29 | Create | Villager (Male) |
| 9:34 | Build | Farm |
| 9:37 | Build | Farm |
| 9:39 | Build | Farm |
| 9:46 | Create | Scout Cavalry |
| 9:46 | Create | Scout Cavalry |
| 10:05 | Create | Villager (Male) |
| 10:14 | Build | House |
| 10:16 | Build | House |
| 10:24 | Build | Farm |
| 10:27 | Build | Farm |
| 10:34 | Create | Scout Cavalry |
| 10:56 | Create | Villager (Male) |
| 10:56 | Create | Villager (Male) |
| 11:03 | Build | Farm |
| 11:05 | Build | Farm |
| 11:17 | Create | Scout Cavalry |
| 11:18 | Create | Scout Cavalry |
| 11:23 | Build | House |
| 11:24 | Build | House |
| 11:28 | Build | Mining Camp |
| 11:31 | Build | House |
| 11:37 | Create | Villager (Male) |
| 11:37 | Create | Villager (Male) |
| 11:56 | Create | Villager (Male) |
| 12:01 | Build | Palisade Wall |
| 12:07 | Build | Palisade Wall |
| 12:13 | Create | Villager (Male) |
| 12:13 | Create | Villager (Male) |
| 12:25 | Build | Farm |
| 12:28 | Build | Farm |
| 12:29 | Create | Villager (Male) |
| 12:41 | Create | Villager (Male) |
| 13:08 | Create | Villager (Male) |
| 13:19 | Build | Blacksmith |
| 13:21 | Create | Villager (Male) |
| 13:21 | Create | Villager (Male) |
| 13:24 | Build | House |
| 13:25 | Build | House |
| 13:34 | Build | Farm |
| 13:35 | Create | Villager (Male) |
| 13:41 | Build | Palisade Wall |
| 13:42 | Build | Palisade Wall |
| 14:34 | Research | Scale Barding Armor |
| 14:35 | Create | Villager (Male) |
| 14:49 | Build | Stone Wall |
| 14:52 | Create | Villager (Male) |
| 14:57 | Create | Scout Cavalry |
| 15:02 | Create | Villager (Male) |
| 15:21 | Research | Horse Collar |
| 15:23 | Build | Farm |
| 15:24 | Build | Farm |
| 15:47 | Build | House |
| 16:00 | Research | Bloodlines |
| 16:22 | Build | Farm |
| 16:23 | Build | Farm |
| 16:25 | Create | Villager (Male) |
| 17:15 | Create | Villager (Male) |
| 17:34 | Create | Villager (Male) |
| 17:44 | Build | Farm |
| 18:00 | Research | Wheelbarrow |
| 18:03 | Build | Stable |
| 18:04 | Build | Stable |
| 18:33 | Create | Scout Cavalry ×5 |
| 18:50 | Build | House |
| 18:53 | Create | Scout Cavalry ×4 |
Match timeline
| 0:08 | slytiger4815 · first_building Barracks |
| 0:22 | siete_afortunados · first_building Barracks |
| 7:24 | rukas · wall_segment Palisade Wall x1 |
| 7:54 | rukas · first_building Barracks |
| 8:43 | rukas · age_up feudal |
| 8:45 | rukas · first_building Stable |
| 8:51 | GOAT Gobz · wall_segment Palisade Wall x4 |
| 8:52 | GOAT Gobz · wall_segment Palisade Wall x1 |
| 8:53 | GOAT Gobz · wall_segment Palisade Wall x1 |
| 9:21 | kurinkito · first_building Dock |
| 9:23 | Duke · first_building Barracks |
| 9:24 | [MK] Giezzy La Grande · wall_segment Palisade Wall x3 |
| 9:31 | [MK] Giezzy La Grande · wall_segment Palisade Wall x4 |
| 9:49 | GOAT Gobz · wall_segment Palisade Wall x5 |
| 9:51 | [MK] Giezzy La Grande · first_building Barracks |
| 9:55 | ShangDynasty11 · first_building Barracks |
| 10:07 | siete_afortunados · wall_segment Palisade Wall x1 |
| 10:09 | siete_afortunados · wall_segment Palisade Wall x1 |
| 10:10 | siete_afortunados · wall_segment Palisade Wall x1 |
| 10:14 | kurinkito · age_up feudal |
| 10:25 | [MK] Giezzy La Grande · wall_segment Palisade Wall x9 |
| 11:03 | GOAT Gobz · first_building Barracks |
| 11:04 | siete_afortunados · wall_segment Palisade Wall x1 |
| 11:05 | siete_afortunados · wall_segment Palisade Wall x1 |
| 11:09 | Duke · age_up feudal |
| 11:13 | [MK] Giezzy La Grande · wall_segment Palisade Wall x3 |
| 11:17 | Duke · first_building Archery Range |
| 11:20 | ShangDynasty11 · first_building Archery Range |
| 11:28 | siete_afortunados · wall_segment Palisade Wall x1 |
| 11:29 | siete_afortunados · wall_segment Palisade Wall x1 |
| 11:29 | [MK] Giezzy La Grande · wall_segment Palisade Wall x15 |
| 11:30 | [MK] Giezzy La Grande · age_up feudal |
| 12:01 | rukas · wall_segment Palisade Wall x4 |
| 12:05 | [MK] Giezzy La Grande · wall_segment Palisade Wall x11 |
| 12:07 | rukas · wall_segment Palisade Wall x6 |
| 12:08 | siete_afortunados · wall_segment Palisade Wall x8 |
| 12:08 | GOAT Gobz · first_building Stable |
| 12:12 | [MK] Giezzy La Grande · wall_segment Stone Wall x9 |
| 13:41 | rukas · wall_segment Palisade Wall x1 |
| 13:42 | rukas · wall_segment Palisade Wall x1 |
| 13:58 | siete_afortunados · wall_segment Palisade Wall x1 |
| 14:21 | [MK] Giezzy La Grande · first_building Dock |
| 14:49 | rukas · wall_segment Stone Wall x21 |
| 15:27 | kurinkito · wall_segment Palisade Wall x9 |
| 16:38 | [MK] Giezzy La Grande · first_building Archery Range |
| 17:05 | siete_afortunados · age_up feudal |
| 17:40 | kurinkito · resign |
[ AI ANALYSIS · 1 CREDIT ]
What really happened in this match?
Wolo.gg analyzes every decision: build order, eco, micro, common mistakes by bracket. Personalized analysis on WhatsApp or Discord in 30 seconds.
Civ guide
Aztecs
Perfil
[MK] Giezzy La Grande